Map: Dusk Towers

Players

littlewing - Winner!

  • Race: Protoss Protoss
  • League: Master

Miszu

  • Race: Terran Terran
  • League: Master

VOD

Have the link to the VOD?

Description

Time

  • Played on: June 18, 2016, 1:41 p.m.
  • Length: 4:47
Show
View Real Time Build Order
Export as new Build Order

littlewing Protoss - Winner!

Build Orders: 1 Gate Expand, Oracle Opening 

Get SALT Encoding   

  12  0:01  Probe (Chrono Boost)  
  13  0:11  Probe (Chrono Boost)  
  14  0:18  Pylon  
  14  0:22  Probe (Chrono Boost)  
  15  0:36  Probe (Chrono Boost)  
  15  0:37  Gateway  
  16  0:43  Assimilator  
  16  0:46  Probe (Chrono Boost)  
  18  0:57  Probe (Chrono Boost)  
  18  1:07  Probe (Chrono Boost)  
  19  1:18  Probe (Chrono Boost)  
  20  1:24  Cybernetics Core  
  20  1:29  Probe (Chrono Boost)  
  21  1:43  Nexus  
  21  1:53  Pylon  
  21  1:54  Assimilator  
  21  2:01  Mothership Core (Chrono Boost)  
  23  2:03  Warp Gate  
  23  2:11  Pylon  
  23  2:19  Probe (Chrono Boost)  
  23  2:21  Adept  
  26  2:31  Probe (Chrono Boost)  
  27  2:42  Probe (Chrono Boost)  
  28  2:44  Stargate  
  28  2:49  Assimilator  
  28  2:51  Adept  
  28  2:55  Probe (Chrono Boost)  
  28  2:57  Probe (Chrono Boost)  
  32  3:06  Probe (Chrono Boost)  
  32  3:07  Probe (Chrono Boost)  
  34  3:16  Probe (Chrono Boost)  
  34  3:18  Probe (Chrono Boost)  
  36  3:39  Oracle (Chrono Boost)  
  39  3:51  Probe  
  40  3:58  Robotics Facility  
  40  4:00  Probe  
  40  4:02  Probe  
  39  4:08  Pylon  
  40  4:11  Phoenix (Chrono Boost), Assimilator  
  40  4:12  Probe  
  40  4:13  Probe  
  44  4:20  Stalker  
  44  4:23  Probe  
  46  4:25  Probe  
  48  4:33  Probe  
Show
View Real Time Build Order
Export as new Build Order

Miszu Terran 

Build Orders: Reaper Expand 

Get SALT Encoding   

  12  0:00  SCV  
  13  0:12  SCV  
  14  0:18  Supply Depot  
  14  0:24  SCV  
  15  0:39  SCV  
  15  0:42  Barracks  
  16  0:44  Refinery  
  16  0:51  SCV  
  17  1:03  SCV  
  18  1:15  SCV  
  19  1:30  Orbital Command  
  19  1:31  Reaper  
  20  1:39  Command Center  
  20  1:52  Supply Depot  
  20  1:57  SCV  
  21  2:04  Factory  
  21  2:06  Marine  
  22  2:09  SCV  
  22  2:12  Refinery  
  23  2:21  SCV  
  24  2:34  SCV  
  24  2:41  Factory  
  24  2:46  SCV  
  24  2:49  Factory Tech Lab  
  25  2:51  Orbital Command  
  25  2:56  Barracks Reactor  
  26  2:58  SCV  
  26  3:10  SCV  
  31  3:13  Cyclone  
  31  3:17  SCV  
  32  3:22  SCV  
  32  3:25  Supply Depot  
  33  3:29  SCV  
  34  3:34  SCV  
  34  3:37  Hellion x2  
  34  3:41  SCV  
  39  3:46  Cyclone  
  39  3:47  SCV  
  44  3:53  SCV  
  44  3:57  Supply Depot  
  44  3:58  Hellion x2  
  44  3:59  SCV  
  49  4:05  SCV  
  50  4:11  SCV  
  51  4:17  SCV  
  51  4:20  Supply Depot, Hellion x2  
  51  4:23  SCV  
  61  4:29  SCV  
  60  4:42  Supply Depot  
Tags
 
Add a new tag
Caveats
  • Supply blocks, unpowered buildings, or Contaminate may cause inaccurate times.
  • Supply counts are checked every 10 seconds.